 Dungeon Crawl Stone Soup version 0.26-a0-665-gefeb406119 (webtiles) character file.

Game seed: 3348475670747000545

149 vortex the Firebug (level 5, -2/29 HPs)
             Began as a Deep Elf Fire Elementalist on Oct 13, 2020.
             Killed by nerve-wracking pain
             ... invoked by an orc priest
              (8 damage)
             ... on level 3 of the Dungeon.
             The game lasted 00:09:41 (2847 turns).

vortex the Firebug (Deep Elf Fire Elementalist)     Turns: 2847, Time: 00:09:41

Health: -2/29      AC:  3    Str:  6    XL:     5   Next: 9%
Magic:  11/12      EV: 13    Int: 20    God:
Gold:   89         SH:  0    Dex: 15    Spells: 7/11 levels left

rFire    . . .     SeeInvis .   i - +2 spear (pain)
rCold    . . .     Faith    .   (no shield)
rNeg     . . .     Spirit   .   a - +0 robe
rPois    .         Reflect  .   j - +0 helmet
rElec    .         Harm     .   (no cloak)
rCorr    .         Rampage  .   (no gloves)
MR       .....                  (no boots)
Stlth    ++........             (no amulet)
HPRegen  0.09/turn              (no ring)
MPRegen  0.13/turn              (no ring)

@: mighty, brilliant, very slightly contaminated, invisible
A: no striking features
a: no special abilities


You were on level 3 of the Dungeon.
You visited 1 branch of the dungeon, and saw 3 of its levels.

You collected 89 gold pieces.

Inventory:

Hand Weapons
 g - a +0 short sword
 i - a +2 spear of pain (weapon)
Armour
 a - a +0 robe (worn)
 j - a +0 helmet (worn)
Wands
 o - a wand of polymorph (7)
Scrolls
 d - 2 scrolls of magic mapping {unknown}
 f - 2 scrolls of identify {unknown}
 l - 4 scrolls of teleportation {unknown}
 m - a scroll of remove curse {unknown}
 n - a scroll of immolation {unknown}
 p - a scroll of fog {unknown}
Potions
 b - 3 potions of might


   Skills:
 + Level 1.2 Fighting
 + Level 1.1 Short Blades
 + Level 3.0 Dodging
 + Level 3.3 Stealth
 + Level 3.6 Spellcasting
 * Level 3.0 Conjurations
 + Level 3.8 Fire Magic


You had 7 spell levels left.
You knew the following spells:

 Your Spells              Type           Power        Failure   Level
a - Foxfire               Conj/Fire      ####         3%          1
b - Conjure Flame         Conj/Fire      ####....     10%         3

Your spell library contained the following spells:

 Spells                   Type           Power        Failure   Level
 Inner Flame              Hex/Fire       ###.....     19%         3
 Sticky Flame             Conj/Fire      ####....     32%         4
 Fireball                 Conj/Fire      ####......   65%         5


Dungeon Overview and Level Annotations

Branches:
Dungeon (3/15)

Altars:
Okawaru
Ru


Message History

Confirm with . or Enter, or press ? or * to list all spells.
You feel a surge of power!
You conjure some foxfire!
The orc wizard shouts!
You hear a shout!
The orc wizard gestures wildly while chanting.
The orc wizard flickers and vanishes!
Deactivating autopickup; reactivate with Ctrl-A.
An orc comes into view. It is wielding a +0 mace.
An orc comes into view. It is wielding a +0 dagger.
The orc priest hits you but does no damage.
It was a potion of magic.
Magic courses through your body.
The foxfire hits the orc priest but does no damage.
The orc priest is severely wounded.
The foxfire hits the orc priest.
The orc priest is severely wounded.
Casting: Foxfire (safe; 3% risk of failure)
Confirm with . or Enter, or press ? or * to list all spells.
You feel a surge of power!
You conjure some foxfire!
The orc priest calls down the wrath of Beogh upon you.
Pain shoots through your body!
You die...

#.# o....
.....##########
..(...........##
...............
#..............
#...........
#.ovv.......
#..@........
#..o........
###.<†........
♣.#.).####♣..♣
♣....# P.
♣.♣♣..♣ ♣
§§§......
...#...#.P.
§§...g......


You could see an orc priest, an orc wizard and an orc (wandering).

Vanquished Creatures
  Natasha (twice) (D:2)
  Robin (D:2)
  An adder (D:2)
  An ooze (D:1)
  4 worms
  A dart slug (D:1)
  A leopard gecko (D:2)
  2 orcs (D:3)
  2 giant cockroaches
  13 goblins
  11 hobgoblins
  4 jackals
  2 quokkas (D:3)
  A ball python (D:1)
  A bat (D:1)
  2 frilled lizards (D:2)
  5 kobolds
  A rat (D:1)
55 creatures vanquished.

Vanquished Creatures (collateral kills)
  4 foxfires (D:3)
4 creatures vanquished.

Vanquished Creatures (others)
  241 foxfires
  10 plants (D:3)
251 creatures vanquished.

Grand Total: 310 creatures vanquished

Notes
Turn   | Place    | Note
-------+----------+-------------------------------------------
     0 | D:1      | vortex the Deep Elf Fire Elementalist began the quest for
                  | the Orb.
     0 | D:1      | Reached XP level 1. HP: 10/10 MP: 6/6
   120 | D:1      | Reached XP level 2. HP: 15/15 MP: 2/8
  1209 | D:2      | Noticed Robin
  1221 | D:2      | Reached XP level 3. HP: 20/20 MP: 4/9
  1245 | D:2      | Killed Robin
  1469 | D:2      | Found an iron altar of Okawaru.
  1484 | D:2      | Learned a level 3 spell: Conjure Flame
  1674 | D:2      | Reached skill level 1 in Fighting
  1739 | D:2      | Noticed Natasha
  1747 | D:2      | Killed Natasha
  1747 | D:2      | Reached XP level 4. HP: 5/25 MP: 3/11
  1994 | D:2      | Reached skill level 1 in Short Blades
  2559 | D:2      | Noticed Natasha
  2567 | D:2      | Killed Natasha
  2567 | D:2      | Reached XP level 5. HP: 29/29 MP: 4/12
  2806 | D:3      | Found a sacrificial altar of Ru.
  2847 | D:3      | Killed from afar by an orc priest

Illustrated notes

Levels and vault maps discovered:
D:1:      dpeg_arrival_lava_temple_mockup, layout_basic
D:2:      layout_basic, okawaru_ov_weapons_minmay, uniq_natasha, uniq_robin
D:3:      wad_woods_stonehenge, layout_basic, uniq_terence

Skill      XL: |  1  2  3  4  5 |
---------------+----------------+-----
Conjurations   | 2 3 |  3.0
Stealth        | 3 |  3.3
Fighting       | 1 |  1.2
Short Blades   | 1 |  1.1
Dodging        | 3 |  3.0
Spellcasting   | |  3.6
Fire Magic     | |  3.8

Action                   |  1- 3 |  4- 6 || total
-------------------------+-------+-------++-------
Melee: Unarmed           |     2 |       ||     2
       Short sword       |     1 |       ||     1
       Spear             |    10 |     8 ||    18
 Cast: Foxfire           |    89 |    52 ||   141
  Use: Potion            |       |     5 ||     5
 Stab: Sleeping          |     1 |       ||     1
Armor: Robe              |     2 |     5 ||     7
Dodge: Dodged            |    11 |     5 ||    16

Table legend: (Time is in decaauts)
 A = Elapsed time spent in this place.
 B = Non-inter-level travel time spent in this place.
 C = Inter-level travel time spent in this place.
 D = Time resting spent in this place.
 E = Time spent auto-exploring this place.
 F = Levels seen in this place.
 G = Mean time per level.
                   A        B        C        D        E       F      G
               +--------+--------+--------+--------+--------+-----+--------+
         Total |   2856 |   2718 |    138 |      0 |   2336 |   3 |  952.0 |
       Dungeon |   2856 |   2718 |    138 |      0 |   2336 |   3 |  952.0 |
               +--------+--------+--------+--------+--------+-----+--------+

Top non-repeatable levels by time:
     D:2: 1721 daAuts
     D:1: 1093 daAuts
     D:3: 41 daAuts
